 Dungeon Crawl Stone Soup version 0.31-a0-559-g03b8d61ab2 (webtiles) character file.

Game seed: 2119625673891363719

81 AdnanSaban the Covered (level 4, -5/29 HPs)
             Began as a Gargoyle Fighter on Aug 17, 2023.
             Slain by Pikel
             ... wielding a +1 whip of flaming
              (6 damage)
             ... on level 3 of the Dungeon.
             The game lasted 00:01:48 (1881 turns).

AdnanSaban the Covered (Gargoyle Fighter)           Turns: 1881, Time: 00:01:48

Health: -5/29      AC: 11    Str: 25    XL:     4   Next: 42%
Magic:  4/4        EV: 10    Int:  8    God:
Gold:   170        SH:  4    Dex:  9    Spells: 3/3 levels left

rFire   . . .        j - +7 whip of Proximity {holy, +Blink Str+3}
rCold   . . .        c - +0 buckler
rNeg    + . .        b - +0 scale mail
rPois   ∞            (no helmet)
rElec   +            o - +0 cloak
rCorr   .            (no gloves)
SInv    .            (no boots)
Will    .....        (no amulet) Stlth
                     (no ring)
HPRegen 0.24/turn    (no ring)
MPRegen 0.09/turn

%: no passive effects
@: no status effects
A: sickness immunity, AC +3, negative energy resistance 1, electricity
resistance, torment resistance 1, petrification resistance
a: Evoke Blink


You were on level 3 of the Dungeon.
You visited 1 branch of the dungeon, and saw 4 of its levels.

You collected 170 gold pieces.

Inventory:

Hand Weapons
 j - the +7 whip of Proximity (weapon) {holy, +Blink Str+3}
   (You found it on level 2 of the Dungeon)

   Str+3:     It affects your strength (+3).
   +Blink:    It lets you blink.
Armour
 b - a +0 scale mail (worn)
 c - a +0 buckler (worn)
 o - a +0 cloak (worn)
Scrolls
 f - 2 scrolls of revelation {unknown}
 g - a scroll of identify {unknown}
 h - 3 scrolls of teleportation {unknown}
 i - a scroll of immolation {unknown}
 m - a scroll of poison {unknown}
 n - a scroll of enchant armour {unknown}
 q - a scroll of vulnerability {unknown}
 r - a scroll of fear {unknown}
 s - a scroll of noise {unknown}
Potions
 a - a potion of invisibility {unknown}
 d - a potion of might
 e - 3 potions of mutation {unknown}
 k - a potion of cancellation {unknown}
 l - a potion of enlightenment {unknown}
 p - 2 potions of heal wounds {unknown}


   Skills:
 + Level 3.8 Fighting
 + Level 2.6 Maces & Flails
 + Level 4.0 Armour
 + Level 0.9 Dodging
 + Level 0.3 Stealth
 + Level 3.8 Shields


You had 3 spell levels left.
You didn't know any spells.
Your spell library was empty.

Dungeon Overview and Level Annotations

Branches:
Dungeon (4/15)
 Temple: D:4-7

Altars:
Dithmenos
Xom

Shops:
D:3 =

Annotations:
D:3 Pikel
D:4 1 runed translucent door, AdnanSaban's ghost, amateur GrFi


Innate Abilities, Weirdness & Mutations

You are immune to sickness and miasma.
Your stone body is resilient. (AC +3)
You are immune to poison.
You resist negative energy. (rN+)
You are resistant to electric shocks. (rElec)
You are resistant to unholy torment.
You are immune to petrification.


Message History

You are too injured to fight recklessly!
You are too injured to fight recklessly!
You are too injured to fight recklessly!
You are too injured to fight recklessly!
You are too injured to fight recklessly!
You are too injured to fight recklessly!
You are too injured to fight recklessly!
Unknown command.
Pikel cracks his whip.
The lemure attacks as you move away! The lemure hits you.
Pikel attacks as you move away! You block Pikel's attack.
A lemure comes into view.
Pikel attacks as you move away! Pikel closely misses you.
There is a stone staircase leading up here.
Pikel barely misses you.
You climb upwards.
There is a stone staircase leading down here.
You hit Pikel but do no damage. Pikel hits you but does no damage.
You closely miss Pikel. Pikel hits you but does no damage.
You closely miss Pikel.
Pikel hits you with a +1 whip of flaming.
Pikel burns you.
You barely miss Pikel. Pikel barely misses you.
You whack Pikel!
Pikel is moderately wounded.
Pikel says, "Hell isn't that bad."
Pikel hits you with a +1 whip of flaming.
* * * LOW HITPOINT WARNING * * *
Pikel burns you.
* * * LOW HITPOINT WARNING * * *
You barely miss Pikel.
Pikel is moderately wounded.
Pikel hits you with a +1 whip of flaming.
* * * LOW HITPOINT WARNING * * *
Pikel burns you.
* * * LOW HITPOINT WARNING * * *
You barely miss Pikel.
Pikel is moderately wounded.
Pikel hits you with a +1 whip of flaming.
You die...

##...###........###...
#.....###.............
#.....#..#............
###....#....#...........
#....##.....#...........
#.....................##
#.....................#.
#.....................#.
#......@K...............
#.......................
#.....#....##.##........
#..............##.......
####....................
#............#....#..
#....................
#####.#+#...............
##.............÷.........


You could see Pikel.

Vanquished Creatures
  2 lemures (D:4)
  An adder (D:3)
  A worm (D:2)
  A dart slug (D:2)
  6 orcs (D:3)
  10 ball pythons
  3 bats
  4 endoplasms
  3 giant cockroaches
  8 hobgoblins
  3 kobolds (D:2)
  A quokka (D:3)
  4 frilled lizards
  9 goblins
  3 rats
59 creatures vanquished.

Notes
Turn   | Place    | Note
-------+----------+-------------------------------------------
     0 | D:1      | AdnanSaban the Gargoyle Fighter began the quest for the
                  | Orb.
     0 | D:1      | Reached XP level 1. HP: 14/14 MP: 1/1
   154 | D:1      | Reached XP level 2. HP: 17/19 MP: 2/2
   611 | D:2      | Identified the +7 whip of Proximity {holy, +Blink Str+3}
   692 | D:2      | Reached XP level 3. HP: 24/24 MP: 3/3
   803 | D:2      | Found a faded altar of an unknown god.
  1272 | D:3      | Found Gyluipo's One-of-a-Kind Rings.
  1369 | D:3      | Reached XP level 4. HP: 29/29 MP: 4/4
  1424 | D:3      | Reached skill level 4 in Armour
  1737 | D:3      | Found a shadowy altar of Dithmenos.
  1737 | D:3      | Found a shimmering altar of Xom.
  1835 | D:4      | Found a runed translucent door.
  1837 | D:4      | Noticed AdnanSaban's ghost (amateur GrFi)
  1846 | D:4      | Noticed a lemure
  1847 | D:4      | Noticed a lemure
  1849 | D:4      | Noticed Pikel
  1851 | D:4      | Killed a lemure
  1852 | D:4      | Noticed a lemure
  1856 | D:4      | Killed a lemure
  1857 | D:4      | Noticed a black bear
  1866 | D:4      | Noticed a lemure
  1880 | D:3      | HP: 1/29 [Pikel/+1 whip of flaming (1)]
  1881 | D:3      | Slain by Pikel

Illustrated notes

Levels and vault maps discovered:
D:1:      psy_arrival_conway, layout_rooms
D:2:      cheibrodos_helix_gallery, layout_basic, basic_ecumenical_altar,
          minmay_3d_cube
D:3:      layout_basic, gammafunk_temple_overflow_pools, minmay_misc_feat_alley,
          st_stairs_14, minmay_misc_feat_chi, nicolae_shop_unique_rings,
          chequers_serial_rivers_micro_c, guppyfry_early_orc_mine
D:4:      layout_cave_pools, mainiacjoe_overflow_paths,
          minmay_temple_entry_waves, gammafunk_ghost_grave, uniq_ijyb,
          uniq_pikel

Skill      XL: |  1  2  3  4 |
---------------+-------------+-----
Armour         | 4 |  4.0
Fighting       | |  3.8
Maces & Flails | |  2.6
Dodging        | |  0.9
Stealth        | |  0.3
Shields        | |  3.8

Action                     |  1- 3 |  4- 6 || total
---------------------------+-------+-------++-------
  Melee: Flail             |    46 |       ||    46
         Whip              |    54 |    46 ||   100
 Armour: Scale mail        |    46 |    16 ||    62
  Dodge: Dodged            |    45 |    23 ||    68
  Block: Buckler           |    24 |    12 ||    36

Table legend: (Time is in decaauts)
 A = Elapsed time spent in this place.
 B = Non-inter-level travel time spent in this place.
 C = Inter-level travel time spent in this place.
 D = Time resting spent in this place.
 E = Time spent auto-exploring this place.
 F = Levels seen in this place.
 G = Mean time per level.
                   A        B        C        D        E       F      G
               +--------+--------+--------+--------+--------+-----+--------+
         Total |   1903 |   1826 |     77 |      0 |   1471 |   4 |  475.8 |
       Dungeon |   1903 |   1826 |     77 |      0 |   1471 |   4 |  475.8 |
               +--------+--------+--------+--------+--------+-----+--------+

Top non-repeatable levels by time:
     D:3: 672 daAuts
     D:2: 601 daAuts
     D:1: 587 daAuts
     D:4: 42 daAuts
